 Dungeon Crawl Stone Soup version 0.20.2-3-g29329e0561 (webtiles) character file.

79 Alfie the Skirmisher (level 4, 0/41 HPs)
             Began as a Hill Orc Fighter on Jan 30, 2023.
             Slain by an iron imp (4 damage)
             ... summoned by Natasha
             ... on level 3 of the Dungeon.
             The game lasted 00:03:57 (1453 turns).

Alfie the Skirmisher (Hill Orc Fighter)             Turns: 1453, Time: 00:03:58

Health: 0/41       AC:  9    Str: 19    XL:     4   Next: 37%
Magic:  4/4        EV:  7    Int:  8    God:
Gold:   123        SH:  9    Dex: 10    Spells: 3/3 levels left

rFire    . . .     SeeInvis .   a - +0 rapier
rCold    . . .     Gourm    .   c - +0 shield
rNeg     . . .     Faith    .   b - +0 scale mail
rPois    .         Spirit   .   (no helmet)
rElec    .         Reflect  .   (no cloak)
rCorr    .         Harm     .   g - +0 pair of gloves
MR       .....                  m - +0 pair of boots
Stlth    ..........             (no amulet)
Regen    0.2/turn               (no ring)
MPRegen  0.1/turn               (no ring)

@: no status effects
A: no striking features
a: no special abilities


You were on level 3 of the Dungeon.
You were not hungry.

You visited 1 branch of the dungeon, and saw 3 of its levels.

You collected 123 gold pieces.

Inventory:

Hand Weapons
 a - a +0 rapier (weapon)
Armour
 b - a +0 scale mail (worn)
 c - a +0 shield (worn)
 g - a +0 pair of gloves (worn)
 m - a +0 pair of boots (worn)
Scrolls
 e - a scroll of enchant armour {unknown}
 j - a scroll of remove curse {unknown}
 k - a scroll of identify {unknown}
 n - a scroll of random uselessness {unknown}
 o - a scroll of recharging {unknown}
 p - a scroll of fog {unknown}
Potions
 d - a potion of might
 h - 2 potions of curing {unknown}
 q - a potion of heal wounds {unknown}
Comestibles
 f - 3 bread rations
 i - 2 meat rations
 l - 2 royal jellies


   Skills:
 + Level 4.3 Fighting
 + Level 3.0 Short Blades
 + Level 3.5 Armour
 + Level 0.1 Dodging
 + Level 4.0 Shields


You had 3 spell levels left.
You didn't know any spells.

Dungeon Overview and Level Annotations

Branches:
Dungeon (3/15)

Altars:
Nemelex Xobeh
Trog

Annotations:
D:3 Natasha


Message History

The shadow imp hits you. The iron imp hits you.
Natasha claws you but does no damage.
You completely miss Natasha.
Natasha is heavily wounded.
The shadow imp hits you. Natasha claws you.
* * * LOW HITPOINT WARNING * * *
You block the crimson imp's attack. The iron imp hits you.
* * * LOW HITPOINT WARNING * * *
You closely miss Natasha.
Natasha is moderately wounded.
The shadow imp barely misses you. Natasha claws you.
* * * LOW HITPOINT WARNING * * *
The crimson imp hits you but does no damage.
You block the iron imp's attack.
You hit Natasha but do no damage.
Natasha is moderately wounded.
You block the shadow imp's attack. Natasha claws you.
* * * LOW HITPOINT WARNING * * *
You block the crimson imp's attack. The iron imp hits you.
You die...

. (. ... .... #..
..... #..## ......
....
......###########..##
......h@5...........
......5.5..#######.#
###+##.....# #.##
#.##.....#######..###
.........†......>...#
#.##.....#######....#
# #############.#..#
#.......)......#
#..............#


You could see an iron imp, Natasha, a crimson imp and a shadow imp.

Vanquished Creatures
  2 adders (D:2)
  2 dart slugs
  A leopard gecko (D:2)
  A ball python (D:3)
  2 giant cockroaches (D:1)
  7 hobgoblins
  10 jackals (D:2)
  A quokka (D:2)
  4 bats
  4 frilled lizards
  6 goblins
  7 kobolds
  5 rats
52 creatures vanquished.

Notes
Turn   | Place    | Note
-------+----------+-------------------------------------------
     0 | D:1      | Alfie the Hill Orc Fighter began the quest for the Orb.
     0 | D:1      | Reached XP level 1. HP: 19/19 MP: 1/1
   140 | D:1      | Reached XP level 2. HP: 26/27 MP: 2/2
   699 | D:1      | Reached XP level 3. HP: 33/33 MP: 3/3
   915 | D:2      | Found a bloodstained altar of Trog.
   961 | D:2      | Reached XP level 4. HP: 27/41 MP: 4/4
  1265 | D:2      | Found a sparkling altar of Nemelex Xobeh.
  1434 | D:3      | Noticed Natasha
  1453 | D:3      | Slain by an iron imp

Skill      XL: |  1  2  3  4 |
---------------+-------------+-----
Fighting       | 4 |  4.3
Short Blades   | 3 |  3.0
Shields        | 4 |  4.0
Armour         | |  3.5
Dodging        | |  0.1

Action                   |  1- 3 |  4- 6 || total
-------------------------+-------+-------++-------
Melee: Rapier            |   113 |    54 ||   167
Throw: Throwing net      |       |     1 ||     1
  Eat: Fruit             |       |     2 ||     2
Armor: Scale mail        |    54 |    36 ||    90
Dodge: Dodged            |    48 |    21 ||    69
Block: Shield            |    65 |    35 ||   100
